 Dungeon Crawl Stone Soup version 0.30-a0-808-g6e0788376e (webtiles) character file.

Game seed: 3125213024020048795

332 cforsyth the Sneak (level 6, -7/38 HPs)
             Began as a Kobold Brigand on Feb 26, 2023.
             Mangled by an iguana (9 damage)
             ... on level 5 of the Dungeon.
             The game lasted 00:06:17 (4959 turns).

cforsyth the Sneak (Kobold Brigand)                 Turns: 4959, Time: 00:06:17

Health: -7/38      AC:  3    Str:  8    XL:     6   Next: 82%
Magic:  6/6        EV: 16    Int: 12    God:
Gold:   277        SH:  0    Dex: 19    Spells: 5/5 levels left

rFire   . . .      SeeInvis .    a - +2 dagger
rCold   . . .      Faith    .    (no shield)
rNeg    . . .      Spirit   .    b - +0 robe
rPois   .          Reflect  .    (no helmet)
rElec   .          Harm     .    c - +0 cloak
rCorr   .          Rampage  .    (no gloves)
Will    .....                    (no boots)
Stlth   +++++                    (no amulet)
HPRegen 0.26/turn                (no ring)
MPRegen 0.10/turn                (no ring)

@: no status effects
A: small, no large weapons, nightstalker 3
a: no special abilities


You were on level 5 of the Dungeon.
You visited 2 branches of the dungeon, and saw 6 of its levels.

You collected 277 gold pieces.

Inventory:

Hand Weapons
 a - a +2 dagger (weapon)
Missiles
 d - 23 poisoned darts (quivered)
 e - 3 curare-tipped darts
Armour
 b - a +0 robe (worn)
 c - a +0 cloak (worn)
Jewellery
 k - a +4 ring of slaying
 t - a +4 ring of protection
Wands
 o - a wand of charming (7)
 u - a wand of flame (20)
 y - a wand of mindburst (13)
Scrolls
 f - 2 scrolls of enchant weapon {unknown}
 g - a scroll of poison {unknown}
 h - 3 scrolls of teleportation {unknown}
 i - 6 scrolls of identify {unknown}
 l - a scroll of blinking {unknown}
 p - 2 scrolls of amnesia {unknown}
 q - 2 scrolls of noise {unknown}
 r - a scroll of vulnerability {unknown}
 x - a scroll of magic mapping {unknown}
Potions
 j - 3 potions of heal wounds {unknown}
 m - a potion of attraction {unknown}
 n - 2 potions of lignification {unknown}
 v - a potion of mutation {unknown}
 w - a potion of haste {unknown}


   Skills:
 + Level 4.0 Fighting
 + Level 5.0 Short Blades
 - Level 2.1 Throwing
 + Level 3.9 Dodging
 + Level 7.1 Stealth


You had 5 spell levels left.
You didn't know any spells.
Your spell library contained the following spells:

 Spells                   Type           Power      Damage    Failure   Level
 Confusing Touch          Hex            0%         N/A       69%         3
 Ozocubu's Armour         Ice            0%         N/A       69%         3
 Tukima's Dance           Hex            0%         N/A       69%         3
 Olgreb's Toxic Radiance  Pois           0%         N/A       97%         4
 Conjure Ball Lightning   Conj/Air       0%         3x3d6     100%        6
 Ozocubu's Refrigeration  Ice            0%         4d7       100%        7
 Discord                  Hex            0%         N/A       100%        8
 Disjunction              Tloc           0%         N/A       100%        8


Dungeon Overview and Level Annotations

Branches:
Dungeon (5/15)             Temple (1/1) D:4

Altars:
Cheibriados
Dithmenos
Elyvilon
Fedhas
Gozag
Kikubaaqudgha
Makhleb
Nemelex Xobeh
Okawaru
Qazlal
Sif Muna
Trog
Uskayaw
Vehumet
Wu Jian
The Shining One

Shops:
D:4 *


Innate Abilities, Weirdness & Mutations

You are small and have problems with some larger weapons.
You are completely attuned to the shadows.


Message History

The iguana bites you!
* * * LOW HITPOINT WARNING * * *
You hit the iguana but do no damage.
The iguana is heavily wounded.
The iguana misses you.
You hit the iguana.
The iguana is severely wounded.
You are confused.
You feel invigorated. The iguana bites you.
* * * LOW HITPOINT WARNING * * *
The iguana barely misses you. The iguana closely misses you.
Unknown command.
You feel less invigorated.
You feel less confused. The iguana barely misses you.
You hit the iguana but do no damage.
The iguana is severely wounded.
The iguana completely misses you.
You hit the iguana.
The iguana is severely wounded.
The iguana closely misses you.
You closely miss the iguana.
The iguana is severely wounded.
The iguana completely misses you.
You closely miss the iguana.
The iguana is severely wounded.
You closely miss the iguana.
The iguana is severely wounded.
The iguana closely misses you.
You hit the iguana but do no damage.
The iguana is severely wounded.
The iguana bites you!
* * * LOW HITPOINT WARNING * * *
You closely miss the iguana.
The iguana is severely wounded.
You hit the iguana.
The iguana is almost dead.
The iguana bites you!
You die...

...#...#
##.......
###.......### .
#............
..#.@..........
....l.......#....
...#.....^..#....
.####.#....##....
###.#........
#.###...## ..#
##...# #..## ..
###.###..


You could see an iguana.

Vanquished Creatures
  2 hounds
  Natasha (thrice) (D:2)
  Robin (D:2)
  4 gnolls (D:4)
  3 adders
  2 worms (D:4)
  4 dart slugs
  4 orcs
  6 ball pythons
  5 endoplasms
  5 giant cockroaches
  21 goblins
  14 hobgoblins
  8 jackals (D:2)
  3 quokkas
  7 bats
  A frilled lizard (D:1)
  2 kobolds (D:2)
  3 rats
98 creatures vanquished.

Notes
Turn   | Place    | Note
-------+----------+-------------------------------------------
     0 | D:1      | cforsyth the Kobold Brigand began the quest for the Orb.
     0 | D:1      | Reached XP level 1. HP: 12/12 MP: 1/1
   104 | D:1      | Reached XP level 2. HP: 18/18 MP: 2/2
   520 | D:1      | Reached XP level 3. HP: 22/22 MP: 3/3
   798 | D:1      | Got Reocacu's Atlas of Cursed Toxins
   976 | D:2      | Noticed Robin
  1649 | D:2      | Reached XP level 4. HP: 27/27 MP: 4/4
  1698 | D:2      | Reached skill level 6 in Stealth
  1810 | D:2      | Killed Robin
  1993 | D:2      | Noticed Natasha
  2000 | D:2      | Killed Natasha
  2001 | D:2      | Reached XP level 5. HP: 22/32 MP: 5/5
  2492 | D:2      | Noticed Natasha
  2499 | D:2      | Killed Natasha
  2624 | D:2      | Noticed Natasha
  2681 | D:2      | Killed Natasha
  2863 | D:3      | Reached XP level 6. HP: 27/37 MP: 6/6
  2919 | D:3      | Found a blossoming altar of Fedhas.
  3015 | D:3      | Found a bloodstained altar of Trog.
  3492 | D:3      | Found an ornate altar of the Wu Jian Council.
  3529 | D:3      | Found an iron altar of Okawaru.
  3776 | D:4      | Found a staircase to the Ecumenical Temple.
  3788 | Temple   | Entered the Ecumenical Temple
  4115 | D:4      | Reached skill level 7 in Stealth
  4508 | D:4      | Found Elubb's General Store.
  4632 | D:4      | Found a burning altar of Makhleb.
  4881 | D:5      | Entered Level 5 of the Dungeon
  4911 | D:5      | Reached skill level 5 in Short Blades
  4959 | D:5      | Mangled by an iguana

Illustrated notes

Levels and vault maps discovered:
D:1:      sevenhm_arrival_forest_fort_small_4, layout_basic
D:2:      layout_basic, uniq_natasha, uniq_robin
D:3:      layout_basic, fedhas_altar_1, mainiacjoe_overflow_brackets,
          nzn_wu_jian_council_hall, trog_hazing_becter
D:4:      layout_basic, mainiacjoe_overflow_concentric_impassable,
          minmay_temple_entry_slanted, hex_large, nicolae_stop_n_shop_1
D:5:      layout_cave_pools, uniq_eustachio
Temple:   grunt_temple_mini_profane

Skill      XL: |  1  2  3  4  5  6 |
---------------+-------------------+-----
Short Blades   | 3 4 5 |  5.0
Dodging        | 2 3 |  3.9
Stealth        | 6 7 |  7.1
Fighting       | 3 4 |  4.0
Throwing       | |  2.1

Action                     |  1- 3 |  4- 6 || total
---------------------------+-------+-------++-------
  Melee: Dagger            |    69 |   315 ||   384
         Punch             |       |     1 ||     1
  Throw: Dart              |     1 |       ||     1
    Use: Potion            |     2 |     1 ||     3
   Stab: Sleeping          |    15 |    19 ||    34
         Distracted        |       |     1 ||     1
 Armour: Robe              |    21 |    26 ||    47
  Dodge: Dodged            |   101 |   214 ||   315

Table legend: (Time is in decaauts)
 A = Elapsed time spent in this place.
 B = Non-inter-level travel time spent in this place.
 C = Inter-level travel time spent in this place.
 D = Time resting spent in this place.
 E = Time spent auto-exploring this place.
 F = Levels seen in this place.
 G = Mean time per level.
                   A        B        C        D        E       F      G
               +--------+--------+--------+--------+--------+-----+--------+
         Total |   4881 |   4762 |    119 |    624 |   3325 |   6 |  813.5 |
       Dungeon |   4645 |   4548 |     97 |    624 |   3115 |   5 |  929.0 |
        Temple |    236 |    214 |     22 |      0 |    210 |   1 |  236.0 |
               +--------+--------+--------+--------+--------+-----+--------+

Top non-repeatable levels by time:
     D:1: 1532 daAuts
     D:2: 1254 daAuts
     D:4: 1069 daAuts
     D:3: 720 daAuts
  Temple: 236 daAuts
     D:5: 69 daAuts
